 Dungeon Crawl Stone Soup version 0.28.0-45-g0d030f2227 (webtiles) character file.

Game seed: 1384622330310629716

636380 Moraff the Conqueror (level 27, -15/224 HPs)
             Began as a Barachi Summoner on Apr 24, 2022.
             Was the Champion of Cheibriados.
             Killed from afar by an orb of fire (17 damage)
             ... with a fireball
             ... on level 4 of the Realm of Zot.
             The game lasted 08:03:58 (96734 turns).

Moraff the Conqueror (Barachi Summoner)            Turns: 96734, Time: 08:04:00

Health: -15/224    AC: 49    Str: 36    XL:     27
Magic:  35/57      EV: 10    Int: 43    God:    Cheibriados [******]
Gold:   6233       SH: 33    Dex: 20    Spells: 19/69 levels left

rFire   + + .      SeeInvis +   w - +10 long sword "Wimokeav" {freeze, *Noise rPois rF++ SInv}
rCold   + . .      Faith    .   n - +8 tower shield
rNeg    + + .      Spirit   .   M - +16 plate armour of Ovai {rN+ Int+3 Slay+6}
rPois   +          Reflect  .   (helmet restricted)
rElec   +          Harm     .   a - +2 cloak "Lotid" {Str+4}
rCorr   +          Rampage  .   h - +2 pair of gloves {Str+3}
Will    ++++.                   v - +2 pair of boots {Fly}
Stlth   ..........              B - amulet "Gesutaum" {rPois rF- rN+ Regen+ MP+9}
HPRegen 1.27/turn               S - ring "Xairph" {rC++ Will+ Str+2 Dex-4}
MPRegen 0.35/turn               b - ring "Busecaonka" {Fire rElec Will+ rCorr Dex-4}

@: silenced (expiring), unable to hop, flying, studying 2 skills, invisible,
unable to read, very slow
A: amphibious, slowness 1, strong legs 2, +LOS, horns 2, iridescent scales 1,
clumsy 1, deterioration 1, frail 1, screaming 1, inability to read while
threatened, MP-powered wands
}: 4/15 runes: decaying, slimy, silver, gossamer
a: Hop, Renounce Religion


You were on level 4 of the Realm of Zot.
You worshipped Cheibriados.
Cheibriados was exalted by your worship.
You visited 11 branches of the dungeon, and saw 54 of its levels.
You visited the Abyss 2 times.
You also visited: Trove, Sewer, Gauntlet and Ice Cave.

You collected 11488 gold pieces.
You spent 5255 gold pieces at shops.

Inventory:

Hand Weapons
 g - the +1 hand axe "Monoo" {vorpal, Int+7 Stlth-}
   (You found it on level 4 of the Lair of Beasts)

   It inflicts extra damage upon your enemies.
   Int:       It affects your intelligence (+7).
   Stlth:     It makes you less stealthy.
 w - the +10 long sword "Wimokeav" (weapon) {freeze, *Noise rPois rF++ SInv}
   (You bought it in a shop on level 1 of the Elven Halls)

   It freezes those it strikes, dealing additional cold damage.
   It can also slow down cold-blooded creatures.
   rF:        It greatly protects you from fire.
   rPois:     It protects you from poison.
   SInv:      It lets you see invisible.
   *Noise:    It may make noises in combat.
Missiles
 f - 102 poisoned darts (quivered)
Armour
 a - the +2 cloak "Lotid" (worn) {Str+4}
   (You found it on level 2 of the Swamp)

   Str:       It affects your strength (+4).
 h - a +2 pair of gloves of strength (worn)
 n - a +8 tower shield (worn)
 v - a +2 pair of boots of flying (worn)
 J - a scarf of resistance
 M - the +16 plate armour of Ovai (worn) {rN+ Int+3 Slay+6}
   (You found it on level 4 of the Depths)

   Int:       It affects your intelligence (+3).
   Slay:      It affects your accuracy & damage with ranged weapons and melee
   (+6).
   rN:        It protects you from negative energy.
Jewellery
 b - the ring "Busecaonka" (right hand) {Fire rElec Will+ rCorr Dex-4}
   (You found it on level 3 of the Depths)

   [ring of fire]

   It enhances your fire magic.
   Dex:       It affects your dexterity (-4).
   rF:        It protects you from fire.
   rC:        It makes you vulnerable to cold.
   rElec:     It insulates you from electricity.
   rCorr:     It protects you from acid and corrosion.
   Will:      It increases your willpower.
 l - the ring of Linearity {rCorr MP+9 Str+3}
   (You found it in a Gauntlet)

   [ring of magical power]

   Str:       It affects your strength (+3).
   MP:        It affects your magic capacity (+9).
   rCorr:     It protects you from acid and corrosion.
 p - a ring of see invisible
 q - an amulet of magic regeneration
 B - the amulet "Gesutaum" (around neck) {rPois rF- rN+ Regen+ MP+9}
   (You found it in a treasure trove)

   [amulet of regeneration]

   rF:        It makes you vulnerable to fire.
   rPois:     It protects you from poison.
   rN:        It protects you from negative energy.
   MP:        It affects your magic capacity (+9).
   Regen:     It increases your rate of health regeneration.
 C - an amulet of reflection
 D - the ring of Midsummer {Fire +Blink rPois rN+++ Int-5}
   (You found it in a treasure trove)

   [ring of fire]

   It enhances your fire magic.
   Int:       It affects your intelligence (-5).
   rF:        It protects you from fire.
   rC:        It makes you vulnerable to cold.
   rPois:     It protects you from poison.
   rN:        It renders you almost immune to negative energy.
   +Blink:    It lets you blink.
 H - the ring "Xunlym" {rF+ rC+ AC+4}
   (You took it off a deep elf pyromancer on level 3 of the Elven Halls)

   [ring of protection]

   AC:        It affects your AC (+4).
   rF:        It protects you from fire.
   rC:        It protects you from cold.
 N - the ring of Weujirof {Contam AC+4 Str+4 Int+3 Stlth+}
   (You took it off a deep elf demonologist on level 3 of the Elven Halls)

   [ring of protection]

   AC:        It affects your AC (+4).
   Str:       It affects your strength (+4).
   Int:       It affects your intelligence (+3).
   Contam:    It causes magical contamination when unequipped.
   Stlth:     It makes you more stealthy.
 Q - a ring of flight
 S - the ring "Xairph" (left hand) {rC++ Will+ Str+2 Dex-4}
   (You found it on level 3 of the Depths)

   [ring of willpower]

   Str:       It affects your strength (+2).
   Dex:       It affects your dexterity (-4).
   rC:        It greatly protects you from cold.
   Will:      It increases your willpower.
 U - the ring "Uwnihy" {*Slow AC+4 Int+5 Dex+2}
   (You took it off a deep elf zephyrmancer on level 3 of the Elven Halls)

   [ring of protection]

   AC:        It affects your AC (+4).
   Int:       It affects your intelligence (+5).
   Dex:       It affects your dexterity (+2).
   *Slow:     It may slow you when you take damage.
 Y - the ring "Gafotem" {Will+ Int+6}
   (You found it on level 2 of the Swamp)

   [ring of intelligence]

   Int:       It affects your intelligence (+6).
   Will:      It increases your willpower.
Wands
 e - a wand of paralysis (24)
 L - a wand of digging (38)
Scrolls
 j - 10 scrolls of teleportation
 k - 3 scrolls of blinking
 r - a scroll of enchant armour
 y - 6 scrolls of fog
 E - 7 scrolls of fear
 G - 5 scrolls of magic mapping
 O - 6 scrolls of amnesia
 R - 4 scrolls of immolation
 V - 35 scrolls of identify
 Z - 2 scrolls of holy word
Potions
 c - 9 potions of ambrosia
 i - 7 potions of curing
 o - 2 potions of attraction
 t - 3 potions of might
 x - 3 potions of berserk rage
 z - a potion of mutation
 A - 2 potions of invisibility
 I - 5 potions of flight
 K - 2 potions of brilliance
Miscellaneous
 d - a tin of tremorstones (2/2)
 m - a phantom mirror
 u - a phial of floods
 F - a lightning rod (4/4)
 P - a box of beasts
 T - a condenser vane


   Skills:
 O Level 27 Fighting
 + Level 17.1 Long Blades
 + Level 20.8 Armour
 - Level 2.1 Dodging
 - Level 1.7 Stealth
 + Level 23.4 Shields
 + Level 21.8 Spellcasting
 O Level 27 Summonings
 - Level 7.7 Evocations


You had 19 spell levels left.
You knew the following spells:

 Your Spells              Type           Power      Damage    Failure   Level
a - Summon Small Mammal   Summ           100%       N/A       0%          1
b - Call Imp              Summ           100%       N/A       0%          2
c - Call Canine Familiar  Summ           100%       N/A       0%          3
d - Summon Guardian Gole  Hex/Summ       100%       N/A       1%          3
e - Summon Lightning Spi  Summ/Air       100%       N/A       1%          4
f - Summon Forest         Summ/Tloc      52%        N/A       1%          5
g - Animate Armour        Summ/Erth      100%       N/A       1%          4
h - Blink                 Tloc           92%        N/A       3%          2
i - Summon Horrible Thin  Summ           67%        N/A       1%          8
j - Summon Cactus Giant   Summ           67%        N/A       0%          6
k - Summon Mana Viper     Hex/Summ       100%       N/A       1%          5
l - Monstrous Menagerie   Summ           67%        N/A       1%          7

Your spell library contained the following spells:

 Spells                   Type           Power      Damage    Failure   Level
 Animate Skeleton         Necr           92%        N/A       1%          1
 Apportation              Tloc           92%        N/A       1%          1
 Beastly Appendage        Tmut           92%        N/A       1%          1
 Foxfire                  Conj/Fire      100%       2x1d9     1%          1
 Freeze                   Ice            100%       1d11      1%          1
 Magic Dart               Conj           100%       1d8       1%          1
 Pain                     Necr           100%       1d9       1%          1
 Summon Ice Beast         Ice/Summ       100%       N/A       1%          4
 Corpse Rot               Necr/Air       92%        N/A       3%          2
 Ensorcelled Hibernation  Hex/Ice        92%        N/A       3%          2
 Poisonous Vapours        Pois/Air       92%        N/A       3%          2
 Scorch                   Fire           100%       2d10      3%          2
 Static Discharge         Conj/Air       46%        N/A       3%          2
 Wereblood                Tmut           46%        N/A       3%          2
 Conjure Flame            Conj/Fire      63%        6-21      6%          3
 Dazzling Flash           Conj/Hex       92%        N/A       6%          3
 Frozen Ramparts          Ice            92%        1d11      6%          3
 Gell's Gravitas          Tloc           46%        N/A       6%          3
 Ignite Poison            Fire/Tmut/Pois 63%        N/A       6%          3
 Inner Flame              Hex/Fire       63%        N/A       6%          3
 Lesser Beckoning         Tloc           46%        N/A       6%          3
 Mephitic Cloud           Conj/Pois/Air  46%        N/A       6%          3
 Ozocubu's Armour         Ice            46%        N/A       6%          3
 Portal Projectile        Hex/Tloc       92%        N/A       6%          3
 Spider Form              Tmut/Pois      46%        N/A       6%          3
 Stone Arrow              Conj/Erth      92%        3d12      6%          3
 Teleport Other           Tloc           46%        N/A       6%          3
 Vampiric Draining        Necr           46%        2d9       6%          3
 Malign Gateway           Summ/Tloc      52%        N/A       7%          7
 Airstrike                Air            23%        N/A       21%         4
 Anguish                  Hex/Necr       23%        N/A       21%         4
 Dispel Undead            Necr           46%        3d18      21%         4
 Flame Wave               Conj/Fire      63%        2d12      21%         4
 Hailstorm                Conj/Ice       46%        3d11      21%         4
 Ice Form                 Ice/Tmut       46%        N/A       21%         4
 Iskenderun's Mystic Bla  Conj/Tloc      46%        2d10      21%         4
 Leda's Liquefaction      Hex/Erth       23%        N/A       21%         4
 Olgreb's Toxic Radiance  Pois           46%        N/A       21%         4
 Sticky Flame             Conj/Fire      63%        2d8       21%         4
 Agony                    Necr           46%        N/A       50%         5
 Blade Hands              Tmut           23%        N/A       50%         5
 Excruciating Wounds      Necr           23%        N/A       50%         5
 Freezing Cloud           Conj/Ice/Air   23%        6-21      50%         5
 Irradiate                Conj/Tmut      23%        3d21      50%         5
 Lightning Bolt           Conj/Air       23%        1d38      50%         5
 Metabolic Englaciation   Hex/Ice        23%        N/A       50%         5
 Silence                  Hex/Air        23%        N/A       50%         5
 Conjure Ball Lightning   Conj/Air       23%        3x3d6     97%         6
 Dispersal                Tloc           23%        N/A       97%         6
 Eringya's Noxious Bog    Tmut/Pois      23%        N/A       97%         6
 Iron Shot                Conj/Erth      23%        9d5       97%         6
 Simulacrum               Ice/Necr       23%        N/A       97%         6
 Starburst                Conj/Fire      31%        6d10      97%         6
 Dragon Form              Tmut           23%        N/A       100%        7
 Ozocubu's Refrigeration  Ice            23%        4d9       100%        7
 Discord                  Hex            23%        N/A       100%        8
 Disjunction              Tloc           23%        N/A       100%        8
 Ignition                 Fire           31%        3d10      100%        8
 Lehudib's Crystal Spear  Conj/Erth      23%        10d6      100%        8
 Fire Storm               Conj/Fire      31%        8d8       100%        9
 Polar Vortex             Ice            23%        N/A       100%        9


Dungeon Overview and Level Annotations

Branches:
Dungeon (15/15)            Temple (1/1) D:4            Lair (6/6) D:11
  Swamp (4/4) Lair:4       Spider (4/4) Lair:2        Slime (5/5) Lair:6
    Orc (2/2) D:9             Elf (3/3) Orc:2        Vaults (5/5) D:14
  Crypt (0/3) Vaults:2     Depths (4/4) D:15            Zot (5/5) Depths:4
  Sewer (visited)           IceCv (visited)         Gauntlet (visited)

Altars:
Ashenzari
Cheibriados
Fedhas
Gozag
Kikubaaqudgha
Makhleb
Okawaru
Sif Muna
Wu Jian
Xom
Yredelemnul
Zin
The Shining One
Beogh
Jiyva

Shops:
D:9 ?   D:11 (   D:15 =?*   Orc:1 ?   Orc:2 *(:*!   Elf:1 (   Elf:3 *:
Vaults:1 *(*   Vaults:4 ?   Depths:2 *

Portals:
Hell: Lair:6 Depths:1 Depths:2 Depths:3 Depths:4
Abyss: Depths:1 Depths:3
Pandemonium: Depths:2 Depths:3
Ziggurat: Depths:1

Annotations:
D:4 pwr's ghost, weakling HOFi
Swamp:2 Artifacts in a transporter
Depths:1 2 transporters, Anipyoj's ghost, veteran HuFi
Depths:3 1 transporter


Innate Abilities, Weirdness & Mutations

You are amphibious.
You cover ground slowly.
You can hop long distances.
You have an extended range of vision and can be seen from far away.
You have a pair of horns on your head.
You are partially covered in iridescent scales. (AC +2)
You are clumsy. (Dex -2)
Your body sometimes deteriorates upon taking damage.
You are frail. (-10% HP)
You occasionally shout uncontrollably at your foes.
You sometimes lose the ability to read scrolls when taking damage.
You expend magic power (3 MP) to strengthen your wands.


Message History

Your cactus giant disappears in a puff of smoke!
The fireball engulfs the orb of fire.
The orb of fire completely resists.
You fade into invisibility!
The orb of fire glows red.
Strange energies course through your body.
You feel clumsy.
The orb of fire glows deep purple.
Strange energies course through your body.
You lose the ability to read scrolls when threatened.
The orb of fire emits a lurid red light.
The bolt of fire hits you! You resist.
* * * LOW HITPOINT WARNING * * *
The orb of fire emits a lurid red light.
The fireball explodes!
The fireball engulfs you!! You resist.
You feel threatened and lose the ability to read scrolls!
* * * LOW HITPOINT WARNING * * *
The fireball engulfs the orb of fire.
The orb of fire completely resists.
Okay, then.
You cannot read scrolls in your current state!
There is a stone staircase leading up here.
You fly upwards.
There is a stone staircase leading down here.
Okay, then.
You cannot read scrolls in your current state!
Okay, then.
You cannot read scrolls in your current state!
Okay, then.
You cannot cast spells when silenced!
You can read scrolls again.
The orb of fire glows deep purple.
Strange energies course through your body.
You feel clumsy.
You cannot cast spells when silenced!
The orb of fire glows deep purple.
The bolt of fire hits you! You resist.
* * * LOW HITPOINT WARNING * * *
The orb of fire glows red.
The fireball explodes!
The fireball engulfs you! You resist.
You feel threatened and lose the ability to read scrolls!
You die...

#...#..#..#.#.###...#..#.##
.....#...#...###........##
#.....#.#).####........##
##.....#..##.#........##
##..^..###....#..##.##
##....#.....##.##.##
##..##.#..##.##[##
##.#...###.##.##
##....)#.##@## ##..[..##.##
##.<.##*## ##..#.## ##.>##
####


You could see an orb of fire.

Vanquished Creatures
  Dissolution (Slime:4)
  the Royal Jelly (Slime:5)
  2 dread liches
  An orb of fire (Zot:5)
  3 Killer Klowns
  3 golden dragons
  5 curse toes
  2 bone dragons
  4 electric golems
  2 liches
  4 quicksilver dragons
  7 Orb Guardians (Zot:5)
  A walking frostbound tome (Depths:4)
  5 tentacled monstrosities
  2 titans
  10 acid blobs
  2 deep elf master archers (Elf:3)
  Frances (D:12)
  6 death cobs
  10 shadow dragons
  12 storm dragons
  A tentacled starspawn (Abyss:3)
  3 sphinxes
  6 draconian monks
  6 draconian knights
  2 tengu reavers
  A rockslime (Slime:3)
  6 fire giants
  2 emperor scorpions
  4 frost giants
  7 vault wardens (Vaults:5)
  3 deep elf sorcerers
  5 azure jellies
  The ghost of PanSaczeczos the Warrior, a journeyman DrBe of Trog (Lair:4)
  2 ghost moths
  3 draconian scorchers
  2 draconian shifters
  2 draconian stormcallers
  An orc warlord (Vaults:4)
  5 ironbound preservers
  2 war gargoyles (Vaults:4)
  The ghost of shugdite the Fencer, a journeyman MiFi of Okawaru (Orc:1)
  7 quicksilver oozes
  2 draconian annihilators
  3 ironbound thunderhulks
  6 very ugly things
  8 stone giants
  3 eleionomae
  4 green draconians
  5 purple draconians
  A deep elf annihilator (Vaults:5)
  5 red draconians
  6 yellow draconians
  9 white draconians
  An entropy weaver (Spider:4)
  An iron golem (Depths:1)
  A deep elf high priest (Vaults:5)
  A merfolk impaler (Depths:2)
  7 ettins
  7 great orbs of eyes
  Josephine (Lair:2)
  4 fire dragons
  A fire dragon (shapeshifter) (Vaults:3)
  A quicksilver dragon zombie (Zot:1)
  7 yaktaur captains
  4 hydras
  An ice dragon (shapeshifter) (Vaults:5)
  5 ice dragons
  2 peacekeepers (Vaults:4)
  16 vault guards (Vaults:5)
  3 rakshasas
  An ogre mage (Vaults:5)
  4 ironbound frosthearts
  A spriggan air mage (Depths:3)
  9 dancing weapons
  2 deep troll shamans (Depths:4)
  A two-headed ogre (D:11)
  A death yak (Lair:5)
  A deep troll earth mage (Depths:2)
  An orc high priest (Orc:2)
  A titan zombie (Vaults:5)
  A thrashing horror (Abyss:3)
  3 spriggan berserkers
  11 deep elf knights
  3 hell knights (Depths:4)
  2 soul eaters (Depths:4)
  A sun demon (Lair:6)
  2 shadow wraiths
  An iron troll (Depths:4)
  9 deep trolls
  A sixfirhy (Abyss:3)
  A quicksilver dragon simulacrum (Depths:2)
  A spriggan druid (Lair:4)
  An orb spider (Spider:4)
  2 glowing orange brains
  3 deep elf archers (Elf:3)
  4 large abominations (Abyss:3)
  3 lindwurms
  A necromancer (Vaults:5)
  A bog body (Swamp:3)
  4 deep elf zephyrmancers
  2 wizards (Vaults:2)
  3 ironbound convokers
  A tengu skeleton (Vaults:5)
  4 phantasmal warriors
  7 deep elf pyromancers
  An orc knight (Vaults:5)
  2 wolf spiders (Spider:3)
  14 ugly things
  An orc sorcerer (Orc:2)
  A manticore (D:10)
  A will-o-the-wisp (Swamp:3)
  10 moths of wrath
  2 elephants
  2 worldbinders (Abyss:3)
  2 spectral orcs (Orc:1)
  A smoke demon (Depths:2)
  10 cane toads
  4 vault sentinels
  A demonic crawler (Spider:4)
  2 torpor snails
  An eye of devastation (Slime:4)
  2 freezing wraiths (Vaults:5)
  A rime drake (Lair:3)
  An efreet (Abyss:3)
  3 komodo dragons
  9 yaktaurs
  A tengu conjurer (Depths:2)
  3 meliai
  11 polar bears
  A queen bee (shapeshifter) (Depths:4)
  A black draconian skeleton (Zot:1)
  2 red devils
  5 tarantellas
  A tengu simulacrum (Vaults:5)
  A hornet (Swamp:3)
  A moth of wrath zombie (Zot:1)
  43 slime creatures
  Prince Ribbit (D:7)
  8 blink frogs
  A meliai zombie (D:11)
  2 air elementals
  5 jumping spiders
  2 spriggans (Swamp:3)
  6 starcursed masses (Abyss:3)
  2 basilisks
  2 wraiths
  2 ynoxinuls (Abyss:3)
  5 water elementals
  A wyvern (Lair:4)
  4 culicivoras
  23 yaks
  3 vampire mosquitoes
  2 fire elementals (Elf:2)
  19 redbacks
  2 wargs (Orc:2)
  A swamp worm (shapeshifter) (Vaults:5)
  2 swamp worms
  A small abomination (Abyss:3)
  A hell hound (Lair:6)
  10 water moccasins
  7 orc warriors
  A swamp drake (Swamp:4)
  An ice beast (D:8)
  A black bear (D:11)
  2 necrophages
  20 wolves
  3 centaurs
  8 bullfrogs
  An earth elemental (Elf:3)
  4 electric eels
  3 centaur zombies
  An iron imp (Abyss:3)
  15 orc priests (Orc:2)
  An iguana (D:4)
  Ijyb (D:3)
  An orc wizard (Orc:1)
  2 hell rats (Lair:1)
  3 nameless horrors
  A hound skeleton (D:4)
  2 adders
  A howler monkey skeleton (D:4)
  A river rat (D:5)
  A shadow imp (D:5)
  2 ufetubi
  A worm (D:3)
  A dart slug (D:4)
  16 orcs
  3 ball pythons
  2 bats
  A bat zombie (Sewer)
  An endoplasm (Sewer)
  3 giant cockroaches
  2 goblins (D:4)
  5 kobolds
  2 quokkas
  2 rats
  4 briar patches (Swamp:2)
737 creatures vanquished.

Vanquished Creatures (collateral kills)
  A dread lich (Vaults:5)
  An orb of fire (Zot:5)
  Mara (Swamp:3)
  3 juggernauts
  Frederick (Vaults:2)
  the Lernaean hydra (Swamp:4)
  A caustic shrike (Depths:3)
  Xtahua (Vaults:2)
  Saint Roka (Depths:2)
  A curse toe (Zot:2)
  5 golden dragons
  Nikola (Vaults:1)
  2 bone dragons
  An electric golem (Zot:1)
  A hellephant (Abyss:3)
  2 walking crystal tomes
  An Orb Guardian (Zot:5)
  9 tentacled monstrosities
  Jorgrun (Swamp:2)
  4 liches
  16 acid blobs
  3 quicksilver dragons
  2 walking frostbound tomes (Depths:3)
  2 deep elf blademasters (Elf:3)
  4 titans
  Agnes (D:14)
  2 death cobs
  5 sphinxes
  7 storm dragons
  5 shadow dragons
  A tentacled starspawn (Abyss:3)
  2 tengu reavers
  2 draconian monks
  5 fenstrider witches
  6 rockslimes
  2 draconian knights (Depths:4)
  3 azure jellies
  6 fire giants
  2 orc warlords
  2 iron dragons
  5 emperor scorpions
  4 draconian scorchers
  Aizul (Swamp:1)
  4 deep elf sorcerers
  A ghost moth (Spider:4)
  16 vault wardens
  Louise (Spider:2)
  7 frost giants
  2 draconian annihilators
  4 draconian shifters
  6 draconian stormcallers
  A cacodemon (Depths:2)
  2 deep elf elementalists (Elf:3)
  2 broodmothers (Spider:4)
  A spriggan defender (Depths:3)
  A quicksilver ooze (Gauntlet)
  A reaper (Depths:2)
  11 stone giants
  15 ironbound preservers
  7 very ugly things
  2 war gargoyles (Vaults:4)
  4 ironbound thunderhulks
  Nessos (D:12)
  3 black draconians
  5 green draconians
  4 purple draconians
  2 vampire knights
  7 deep elf annihilators
  2 spark wasps
  4 yellow draconians
  3 red draconians
  4 dire elephants (Vaults:1)
  8 eleionomae
  10 deep elf demonologists
  A minotaur (Gauntlet)
  7 bunyips
  6 entropy weavers
  2 white draconians (Depths:4)
  7 ettins
  8 deep elf death magi
  A crystal guardian (Vaults:4)
  5 deep elf high priests
  7 great orbs of eyes
  2 merfolk impalers (Depths:2)
  2 shambling mangroves
  14 yaktaur captains
  6 fire dragons
  5 boulder beetles
  26 hydras
  Erolcha (Orc:2)
  17 vault guards
  3 rakshasas
  2 hell beasts (Depths:2)
  2 ghost crabs
  4 spriggan air magi
  The ghost of Disoxupt the Ripper, a journeyman FeBe of Trog (D:13)
  A catoblepas (Lair:2)
  2 jorogumos
  An ice dragon (Depths:2)
  2 peacekeepers (Vaults:4)
  2 ironbound frosthearts
  4 two-headed ogres
  3 radroaches
  12 centaur warriors
  5 alligators
  A deep troll shaman (Depths:2)
  An anaconda (Lair:6)
  16 dancing weapons
  7 orc high priests
  5 deep troll earth magi
  5 death yaks
  A vampire mage (Depths:1)
  A thrashing horror (Abyss:3)
  3 spriggan berserkers
  2 wretched stars (Abyss:3)
  Nergalle (Orc:1)
  13 deep elf knights
  5 hell knights
  A soul eater (Depths:4)
  6 pharaoh ants
  3 skeletal warriors (D:15)
  A spatial maelstrom (Abyss:3)
  2 flayed ghosts (Depths:3)
  5 goliath frogs
  19 deep trolls
  6 sun moths
  2 orb spiders (shapeshifter)
  3 glowing orange brains
  4 spriggan druids
  8 steelbarb worms
  11 swamp dragons
  3 bog bodies
  12 lindwurms
  8 orb spiders
  10 wizards
  2 large abominations (Abyss:3)
  The ghost of protoss039 the Destroyer, a novice GrFE (D:6)
  3 phantasmal warriors
  10 deep elf archers
  10 orc knights
  A necromancer (Gauntlet)
  7 ironbound convokers
  21 deep elf zephyrmancers
  21 deep elf pyromancers
  9 shining eyes
  23 ugly things
  A manticore (D:11)
  4 orc sorcerers
  16 wolf spiders
  3 cyclopes
  4 will-o-the-wisps
  7 moths of wrath
  A water nymph (shapeshifter) (Gauntlet)
  A worldbinder (Abyss:3)
  Joseph (D:9)
  A guardian serpent (shapeshifter) (Depths:3)
  14 vault sentinels
  An eye of devastation (Slime:5)
  An apocalypse crab (Abyss:3)
  3 torpor snails
  4 elephants (Lair:4)
  A black mamba (Lair:4)
  4 cane toads
  2 water nymphs (Swamp:1)
  A smoke demon (Lair:6)
  A rust devil (Depths:2)
  6 orange demons
  An unseen horror (shapeshifter) (Vaults:3)
  An unseen horror (D:12)
  A freezing wraith (Abyss:3)
  5 demonic crawlers
  25 yaktaurs
  2 efreet
  3 tengu conjurers
  9 komodo dragons
  6 rime drakes
  An ice devil (Lair:6)
  3 ancient zymes (Abyss:3)
  3 red devils
  3 meliai (Spider:2)
  7 polar bears
  4 trolls
  A meliai (shapeshifter) (Gauntlet)
  26 tarantellas
  13 hornets
  15 blink frogs
  A tengu simulacrum (Vaults:5)
  7 tyrant leeches
  Grinder (Sewer)
  46 slime creatures
  6 dream sheep
  A centaur simulacrum (D:13)
  16 jumping spiders
  15 culicivoras
  2 air elementals (Elf:3)
  5 wraiths
  13 spriggans
  A wyvern (Lair:1)
  2 ynoxinuls
  2 water elementals
  28 yaks
  A hog (shapeshifter) (D:13)
  2 fire elementals
  2 chaos spawn (Depths:2)
  A redback (shapeshifter) (Vaults:5)
  2 neqoxecs
  A steam dragon (Lair:3)
  14 vampire mosquitoes
  A golden eye (Slime:5)
  40 redbacks
  A basilisk (D:14)
  3 hell hounds (Lair:6)
  26 swamp worms
  3 nameless horrors
  A small abomination (Abyss:3)
  5 water moccasins
  A floating eye (Slime:2)
  An ice beast (D:6)
  33 orc warriors
  14 swamp drakes
  3 black bears
  6 ogres
  33 wolves
  4 boggarts
  16 centaurs
  A phantom (Sewer)
  4 kobold brigands
  6 bullfrogs
  4 scorpions
  A water moccasin zombie (D:6)
  2 gnoll sergeants
  5 wights
  An electric eel (Spider:1)
  4 howler monkeys
  2 centaur zombies
  14 jellies
  A quasit (Abyss:3)
  A centaur skeleton (D:7)
  A gnoll shaman (D:7)
  23 orc priests
  2 hounds
  3 bullfrog skeletons
  6 iguanas
  5 hell rats (Lair:1)
  17 orc wizards
  A killer bee zombie (D:7)
  A howler monkey zombie (D:7)
  2 howler monkey skeletons
  10 gnolls
  7 adders
  A river rat (D:5)
  2 shadow imps (Sewer)
  3 white imps
  2 ufetubi
  6 orc simulacra (Orc:1)
  A worm (shapeshifter) (Vaults:5)
  4 worms
  A dart slug (D:1)
  105 orcs
  5 ball pythons
  9 endoplasms
  4 giant cockroaches
  4 goblins
  3 hobgoblins
  2 quokkas
  6 bats
  3 frilled lizards
  34 kobolds
  2 kobold zombies (Sewer)
  8 rats
  2 briar patches (Swamp:2)
  4 bushes
  A snaplasher vine (Swamp:3)
  2 starspawn tentacles (Abyss:3)
1606 creatures vanquished.

Vanquished Creatures (others)
  A deep elf blademaster (Elf:2)
  A fire giant (Vaults:5)
  A draconian scorcher (Zot:1)
  A frost giant (IceCv)
  An emperor scorpion (Spider:4)
  2 deep elf elementalists (Elf:3)
  A broodmother (Spider:2)
  3 ironbound preservers
  An entropy weaver (Spider:2)
  A black draconian (Zot:1)
  A great orb of eyes (Depths:4)
  3 hydras
  A ghost crab (Swamp:4)
  A centaur warrior (D:14)
  An ironbound frostheart (Vaults:3)
  A dancing weapon (Elf:2)
  A deep elf knight (Elf:2)
  2 spriggans (Swamp:2)
  A swamp dragon (Swamp:4)
  An ironbound convoker (Vaults:5)
  A deep elf pyromancer (Elf:1)
  A deep elf zephyrmancer (Elf:1)
  A cyclops (D:14)
  A wolf spider (Lair:2)
  An ice statue (IceCv)
  A moth of wrath (Zot:1)
  A gargoyle (D:5)
  A rime drake (Lair:6)
  An ice devil (Lair:6)
  3 bloated husks
  2 hornets
  A tarantella (Lair:2)
  A wraith (D:10)
  2 yaks
  A redback (Spider:4)
  An acid dragon (D:6)
  2 orc warriors
  4 wolves
  A kobold brigand (D:8)
  An electric eel (Lair:5)
  An orc priest (D:15)
  2 gnolls (D:7)
  3 orcs
  An endoplasm (D:3)
  4 briar patches (Swamp:2)
  8 foxfires
  53 fungi
  A lurking horror (Abyss:3)
  152 plants
  15 snaplasher vines
  A starspawn tentacle (Abyss:3)
  3 withered plants (Gauntlet)
298 creatures vanquished.

Grand Total: 2641 creatures vanquished

Notes
Turn   | Place    | Note
-------+----------+-------------------------------------------
     0 | D:1      | Moraff the Barachi Summoner began the quest for the Orb.
     0 | D:1      | Reached XP level 1. HP: 13/13 MP: 3/3
   111 | D:1      | Reached skill level 5 in Summonings
   459 | D:1      | Reached XP level 2. HP: 20/20 MP: 1/5
   462 | D:1      | Learned a level 2 spell: Call Imp
   510 | D:1      | Reached skill level 1 in Fighting
  1268 | D:1      | Reached XP level 3. HP: 26/26 MP: 6/6
  1654 | D:2      | Reached XP level 4. HP: 24/33 MP: 3/7
  1658 | D:2      | Learned a level 3 spell: Call Canine Familiar
  2361 | D:2      | Found a faded altar of an unknown god.
  3748 | D:3      | Reached XP level 5. HP: 39/39 MP: 0/8
  3983 | D:3      | Found the +6 shillelagh "Devastator" {shatter}
  3987 | D:3      | Noticed Ijyb
  4037 | D:3      | Killed Ijyb
  4371 | D:4      | Noticed pwr's ghost (weakling HOFi)
  4372 | D:4      | Found a runed translucent door.
  4407 | D:4      | Reached XP level 6. HP: 19/47 MP: 4/10
  4881 | D:4      | Found a staircase to the Ecumenical Temple.
  4892 | Temple   | Entered the Ecumenical Temple
  4945 | Temple   | Became a worshipper of Cheibriados the Contemplative
  5712 | D:5      | Entered Level 5 of the Dungeon
  5804 | D:5      | Found the +3 Mad Mage's Maulers {Infuse+∞ RegenMP Int-3}
  5851 | D:5      | Found a glowing drain.
  5872 | Sewer    | Entered a sewer
  6122 | Sewer    | Reached * piety under Cheibriados
  6207 | Sewer    | Reached XP level 7. HP: 44/54 MP: 2/12
  6281 | Sewer    | Found an ancient bone altar of Kikubaaqudgha.
  6426 | Sewer    | Noticed Grinder
  6442 | Sewer    | Killed Grinder
  6443 | Sewer    | Reached skill level 5 in Fighting
  6639 | D:5      | Learned a level 3 spell: Summon Guardian Golem
  6659 | D:5      | Reached XP level 8. HP: 58/62 MP: 7/14
  6997 | D:5      | Reached ** piety under Cheibriados
  7092 | D:5      | Noticed a gargoyle
  8373 | D:5      | Killed a gargoyle
  8374 | D:5      | Reached skill level 5 in Spellcasting
  8374 | D:5      | Reached skill level 10 in Summonings
  8568 | D:6      | Found a runed translucent gate.
  8571 | D:6      | Found a runed translucent gate.
  8585 | D:6      | Found a runed translucent gate.
  8646 | D:6      | Reached XP level 9. HP: 71/71 MP: 12/17
  9201 | D:6      | Reached *** piety under Cheibriados
  9261 | D:6      | Identified the +1 dagger of Objectivity {vorpal, rC- Str+4
                  | Dex+3}
  9416 | D:6      | Noticed protoss039's ghost (novice GrFE)
  9465 | D:6      | Killed protoss039's ghost
  9822 | D:7      | Noticed Prince Ribbit
  9839 | D:7      | Killed Prince Ribbit
  9991 | D:7      | Identified a scroll of acquirement
  9991 | D:7      | Acquired 859 gold pieces
 10017 | D:7      | Reached XP level 10. HP: 80/80 MP: 16/20
 10781 | D:7      | Learned a level 4 spell: Summon Lightning Spire
 10848 | D:8      | Reached **** piety under Cheibriados
 11373 | D:8      | Noticed a boulder beetle
 11431 | D:8      | Killed a boulder beetle
 11977 | D:8      | Reached ***** piety under Cheibriados
 12449 | D:9      | Found a glowing golden altar of the Shining One.
 12565 | D:9      | Found Naexkae's Magic Scroll Shoppe.
 12577 | D:9      | Bought a scroll of blinking for 90 gold pieces
 12577 | D:9      | Bought a scroll of teleportation for 36 gold pieces
 12577 | D:9      | Bought 2 scrolls of magic mapping for 84 gold pieces
 12577 | D:9      | Bought a scroll of teleportation for 36 gold pieces
 12813 | D:9      | Found a staircase to the Orcish Mines.
 12852 | D:9      | Noticed Joseph
 12868 | D:9      | Killed Joseph
 13417 | D:10     | Entered Level 10 of the Dungeon
 13417 | D:10     | Noticed a manticore
 13427 | D:10     | Killed a manticore
 13428 | D:10     | Reached XP level 11. HP: 62/90 MP: 10/23
 13506 | D:10     | Noticed a two-headed ogre
 13519 | D:10     | Killed a two-headed ogre
 13520 | D:10     | Reached skill level 10 in Fighting
 13707 | D:10     | Reached skill level 15 in Summonings
 14055 | D:10     | Noticed a two-headed ogre
 14055 | D:10     | Noticed a two-headed ogre
 14063 | D:10     | Killed a two-headed ogre
 14066 | D:10     | Killed a two-headed ogre
 14138 | D:10     | Found the +7 pair of quick blades "Gyre" and "Gimble"
                  | {protect}
 14330 | D:11     | Noticed a cyclops
 14338 | D:11     | Noticed a death yak
 14340 | D:11     | Noticed a two-headed ogre
 14340 | D:11     | Killed a cyclops
 14415 | D:11     | Found a frozen archway.
 14466 | IceCv    | Entered an ice cave
 15106 | IceCv    | Reached XP level 12. HP: 100/100 MP: 16/25
 15132 | IceCv    | Reached ****** piety under Cheibriados
 15661 | IceCv    | Identified the +3 scale mail of Hadjma {rC+}
 15670 | IceCv    | Got Ytotagut's Compendium of Translocation
 15681 | IceCv    | Learned a level 5 spell: Summon Forest
 15998 | IceCv    | Reached skill level 10 in Spellcasting
 16298 | IceCv    | Noticed a frost giant
 16298 | IceCv    | Noticed a death yak
 16299 | IceCv    | Noticed a death yak
 16322 | IceCv    | Killed a death yak
 16327 | IceCv    | Killed a frost giant
 16336 | IceCv    | Killed a death yak
 16472 | IceCv    | Identified the +1 ring mail "Jerpho" {Rampage rCorr}
 16770 | D:11     | Killed a death yak
 16800 | D:11     | Noticed a six-headed hydra
 16813 | D:11     | Found a staircase to the Lair.
 16823 | D:11     | Killed a six-headed hydra
 16908 | D:11     | Found Qeareod's Weapon Emporium.
 16925 | D:11     | Killed a two-headed ogre
 17046 | D:11     | Gained mutation: You can hop long distances. [Barachi
                  | growth]
 17046 | D:11     | Reached XP level 13. HP: 52/109 MP: 17/27
 17560 | D:11     | Found a shimmering altar of Xom.
 17622 | Lair:1   | Entered Level 1 of the Lair of Beasts
 17667 | Lair:1   | Reached skill level 1 in Shields
 19339 | Lair:2   | You fall into a shaft and drop 1 floor!
 19437 | Lair:2   | Found a hole to the Spider Nest.
 20762 | Lair:3   | Reached XP level 14. HP: 119/119 MP: 24/29
 20898 | Lair:3   | Reached skill level 5 in Shields
 21399 | Lair:4   | Identified the +1 hand axe "Monoo" {vorpal, Int+7 Stlth-}
 21724 | Lair:4   | Found a transporter.
 21745 | Lair:4   | Found a staircase to the Swamp.
 21898 | Lair:4   | Found a transporter.
 21902 | Lair:4   | Noticed PanSaczeczos's ghost (journeyman DrBe)
 23667 | Lair:4   | Killed PanSaczeczos's ghost
 25132 | Lair:5   | Reached skill level 15 in Fighting
 25401 | Lair:6   | Entered Level 6 of the Lair of Beasts
 25420 | Lair:6   | Reached XP level 15. HP: 129/129 MP: 15/31
 26529 | Lair:6   | Found a staircase to the Slime Pits.
 27280 | Lair:6   | Found a burning altar of Makhleb.
 27405 | Lair:6   | Found a gateway to Hell.
 27608 | Orc:1    | Entered Level 1 of the Orcish Mines
 27966 | Orc:1    | Found a runed translucent gate.
 27966 | Orc:1    | Found a runed translucent gate.
 27966 | Orc:1    | Found a runed translucent gate.
 27966 | Orc:1    | Noticed shugdite's ghost (journeyman MiFi)
 28034 | Orc:1    | Found Hipsunic's Magic Scroll Shop.
 28042 | Orc:1    | Bought a scroll of enchant armour for 120 gold pieces
 28042 | Orc:1    | Bought a scroll of teleportation for 48 gold pieces
 28042 | Orc:1    | Bought a scroll of teleportation for 48 gold pieces
 28087 | Orc:1    | Noticed an orc warlord
 28091 | Orc:1    | Noticed Nergalle
 28109 | Orc:1    | Killed Nergalle
 28116 | Orc:1    | Killed an orc warlord
 28244 | Orc:1    | Learned a level 4 spell: Animate Armour
 28998 | Orc:1    | Killed shugdite's ghost
 29395 | Orc:2    | Entered Level 2 of the Orcish Mines
 29563 | Orc:2    | Found Kufappivex's Book Shop.
 29680 | Orc:2    | Noticed Erolcha
 29686 | Orc:2    | Killed Erolcha
 30597 | Orc:2    | Found Zaqoybbe's General Store.
 30597 | Orc:2    | Found Valut's Antique Weapon Emporium.
 30602 | Orc:2    | Bought a potion of cancellation for 120 gold pieces
 30611 | Orc:2    | Bought a bone trident for 170 gold pieces
 30611 | Orc:2    | Identified the +6 trident of Kyiriuzo {spect, Str+4 Dex-5
                  | SInv} (You bought it in a shop on level 2 of the Orcish
                  | Mines)
 31093 | Orc:2    | Found Ewkaog's General Store.
 31093 | Orc:2    | Found Pawuzxis's Distillery.
 31108 | Orc:2    | Bought a potion of curing for 51 gold pieces
 31108 | Orc:2    | Bought 2 potions of curing for 102 gold pieces
 31108 | Orc:2    | Bought a potion of curing for 51 gold pieces
 31121 | Orc:2    | Found a staircase to the Elven Halls.
 31982 | D:12     | Noticed Nessos
 31988 | D:12     | Killed Nessos
 31989 | D:12     | Reached XP level 16. HP: 125/139 MP: 16/33
 32118 | D:12     | Noticed Frances
 32143 | D:12     | Killed Frances
 32972 | D:13     | Found a gate leading to a gauntlet.
 32979 | Gauntlet | Entered a Gauntlet
 32979 | Gauntlet | Found a transporter.
 32987 | Gauntlet | Found a transporter.
 33002 | Gauntlet | Found a transporter.
 33004 | Gauntlet | Found a large runed translucent door.
 33005 | Gauntlet | Found a large runed translucent door.
 33006 | Gauntlet | Found a large runed translucent door.
 33006 | Gauntlet | Found a large runed translucent door.
 33006 | Gauntlet | Found a runed translucent door.
 33007 | Gauntlet | Found a transporter.
 33007 | Gauntlet | Found a large runed translucent door.
 33008 | Gauntlet | Found a runed translucent door.
 33009 | Gauntlet | Found a large runed translucent door.
 33009 | Gauntlet | Found a large runed translucent door.
 33009 | Gauntlet | Found a large runed translucent door.
 33010 | Gauntlet | Found a large runed translucent door.
 33011 | Gauntlet | Found a large runed translucent door.
 33017 | Gauntlet | Found a large runed translucent door.
 33017 | Gauntlet | Found a large runed translucent door.
 33018 | Gauntlet | Found a large runed translucent door.
 33018 | Gauntlet | Found a large runed translucent door.
 33018 | Gauntlet | Found a large runed translucent door.
 33018 | Gauntlet | Found a large runed translucent door.
 33019 | Gauntlet | Found a runed translucent gate.
 33019 | Gauntlet | Found a runed translucent gate.
 33019 | Gauntlet | Found a runed translucent gate.
 33022 | Gauntlet | Found a transporter.
 33041 | Gauntlet | Found a transporter.
 33053 | Gauntlet | Found a transporter.
 33059 | Gauntlet | Found a transporter.
 33072 | Gauntlet | Found a transporter.
 33089 | Gauntlet | Found a transporter.
 33093 | Gauntlet | Found a transporter.
 33102 | Gauntlet | Found a transporter.
 33108 | Gauntlet | Found a transporter.
 33143 | Gauntlet | Found a transporter.
 33145 | Gauntlet | Found a transporter.
 33172 | Gauntlet | Found a transporter.
 33190 | Gauntlet | Found a transporter.
 33441 | Gauntlet | Identified the +1 leather armour of Yqierog {Dex+3}
 33451 | Gauntlet | Found a transporter.
 33635 | Gauntlet | Identified the ring of Linearity {rCorr MP+9 Str+3}
 33672 | Gauntlet | Identified the +8 mace "Jagil" {freeze, rElec Str+3 Dex-4}
 33847 | Gauntlet | Identified the +1 mace of Skirmishing {vorpal, rN+ Will+
                  | MP+9 SInv}
 34077 | D:13     | Found a runed translucent door.
 34670 | D:13     | Noticed Disoxupt's ghost (journeyman FeBe)
 34688 | D:13     | Killed Disoxupt's ghost
 34842 | D:14     | Noticed Agnes
 34854 | D:14     | Killed Agnes
 35687 | D:14     | Found a gate to the Vaults.
 35998 | D:15     | Entered Level 15 of the Dungeon
 35998 | D:15     | Found Wuwaugg's Assorted Antiques.
 36684 | D:15     | Reached skill level 10 in Shields
 36783 | D:15     | Found a staircase to the Depths.
 36828 | D:15     | Found Sicewus's Jewellery Boutique.
 36853 | D:15     | Found Ecuijo's Magic Scroll Boutique.
 36866 | D:15     | Bought a scroll of blinking for 135 gold pieces
 36866 | D:15     | Bought a scroll of blinking for 135 gold pieces
 37543 | Spider:1 | Entered Level 1 of the Spider Nest
 37632 | Spider:1 | Noticed Josephine
 38012 | Lair:2   | Killed Josephine
 38164 | Lair:2   | Reached XP level 17. HP: 103/149 MP: 32/35
 39572 | Spider:2 | Noticed Louise
 39588 | Spider:2 | Killed Louise
 41209 | Spider:2 | Identified the +1 storm dragon scales of Minor Irritation
                  | {Contam rElec rC+ Regen+}
 43214 | Spider:4 | Entered Level 4 of the Spider Nest
 43265 | Spider:4 | Gained mutation: You are dopey. (Int -2) [mutagenic glow]
 44377 | Spider:4 | Reached XP level 18. HP: 68/160 MP: 33/36
 44815 | Spider:4 | Reached skill level 15 in Spellcasting
 45596 | Spider:4 | Got a gossamer rune of Zot
 47773 | Swamp:1  | Entered Level 1 of the Swamp
 47773 | Swamp:1  | Noticed Aizul
 47797 | Swamp:1  | Killed Aizul
 49953 | Swamp:2  | Found a transporter.
 49961 | Swamp:2  | Noticed Jorgrun
 49970 | Swamp:2  | Killed Jorgrun
 50342 | Swamp:2  | Found a transporter.
 50566 | Swamp:2  | Learned a level 2 spell: Blink
 50777 | Swamp:2  | Gained mutation: You are clumsy. (Dex -2) [mutagenic glow]
 51031 | Swamp:2  | Reached skill level 1 in Armour
 51307 | Swamp:2  | Identified the +2 cloak "Lotid" {Str+4}
 51310 | Swamp:2  | Identified the ring "Gafotem" {Will+ Int+6}
 51991 | Swamp:3  | Noticed Mara
 52006 | Swamp:3  | Identified the +8 hand axe of World Downfall {vorpal, *Rage
                  | +Blink Fly MP+9}
 52251 | Swamp:3  | Reached XP level 19. HP: 159/170 MP: 31/38
 52995 | Swamp:3  | Noticed a tentacled monstrosity
 53001 | Swamp:3  | Killed a tentacled monstrosity
 53215 | Swamp:3  | Noticed Moraff's illusion
 53223 | Swamp:3  | Killed Mara
 54084 | Swamp:4  | Entered Level 4 of the Swamp
 54093 | Swamp:4  | Reached skill level 5 in Armour
 54553 | Swamp:4  | Noticed a tentacled monstrosity
 54562 | Swamp:4  | Killed a tentacled monstrosity
 54737 | Swamp:4  | Noticed the 27-headed Lernaean hydra
 54741 | Swamp:4  | Killed the 27-headed Lernaean hydra
 55418 | Swamp:4  | Got a decaying rune of Zot
 55926 | Elf:1    | Entered Level 1 of the Elven Halls
 56085 | Elf:1    | Reached skill level 15 in Shields
 56638 | Elf:1    | Found Ompunaugg's Antique Weapon Shop.
 56694 | Elf:1    | Bought a steaming long sword for 289 gold pieces
 56694 | Elf:1    | Identified the +10 long sword "Wimokeav" {freeze, *Noise
                  | rPois rF++ SInv} (You bought it in a shop on level 1 of the
                  | Elven Halls)
 56963 | Elf:1    | You fall into a shaft and drop 1 floor!
 56976 | Elf:2    | Reached XP level 20. HP: 156/180 MP: 23/40
 57393 | Elf:2    | Found a runed translucent gate.
 57393 | Elf:2    | Found a runed translucent gate.
 57393 | Elf:2    | Found a runed translucent gate.
 59036 | Elf:1    | Paralysed by an air elemental for 1 turns
 59038 | Elf:1    | Paralysed by an air elemental for 1 turns
 59605 | Elf:3    | Entered Level 3 of the Elven Halls
 59606 | Elf:3    | Paralysed by an air elemental for 1 turns
 59609 | Elf:3    | Paralysed by an air elemental for 1 turns
 59666 | Elf:3    | Found Dadeicet's Book Shop.
 59679 | Elf:3    | Bought a book of the Wilderness for 456 gold pieces
 59679 | Elf:3    | Bought a Grand Grimoire for 408 gold pieces
 59688 | Elf:3    | Learned a level 8 spell: Summon Horrible Things
 59695 | Elf:3    | Learned a level 6 spell: Summon Cactus Giant
 59701 | Elf:3    | Learned a level 5 spell: Summon Mana Viper
 59927 | Elf:3    | Paralysed by an air elemental for 1 turns
 60027 | Elf:3    | Reached skill level 10 in Armour
 61014 | Elf:3    | Noticed a Brimstone Fiend
 61311 | Elf:3    | Found Lixzudgh's Neck Hole.
 61527 | Elf:3    | Bought a scarf of resistance for 512 gold pieces
 61567 | Elf:3    | Acquired 507 gold pieces
 62078 | Elf:3    | Identified the ring "Ogibyeh" {Ice Dex+3}
 62086 | Elf:3    | Identified the ring "Uwnihy" {*Slow AC+4 Int+5 Dex+2}
 62090 | Elf:3    | Identified the ring "Xunlym" {rF+ rC+ AC+4}
 62227 | Elf:3    | Identified the ring of Jantiq {Drain rF+ Str+2 Dex+3}
 62227 | Elf:3    | Cast into level 2 of the Abyss (a deep elf demonologist)
 62250 | Elf:3    | Escaped the Abyss
 62343 | Elf:3    | Identified the amulet "Sinwelun" {Spirit Will+}
 62350 | Elf:3    | Identified the ring of Weujirof {Contam AC+4 Str+4 Int+3
                  | Stlth+}
 62608 | Elf:3    | Identified the ring of Law {rElec rPois rN+ MP-9 Str+6
                  | SInv}
 62615 | Elf:3    | Reached XP level 21. HP: 94/179 MP: 10/41
 63062 | Elf:3    | Found the +3 giant club "Skullcrusher" {speed, Str+7}
 63108 | Elf:3    | Identified the +3 arbalest of Atowuhy {penet, rC+ Int+4}
 63427 | Vaults:1 | Entered Level 1 of the Vaults
 63460 | Vaults:1 | Reached skill level 1 in Long Blades
 64026 | Vaults:1 | Found Gozag's Antique Weapon Emporium.
 64132 | Vaults:1 | Found Gozag's Assorted Antiques.
 64135 | Vaults:1 | Found Gozag's Assorted Antiques.
 64136 | Vaults:1 | Found an opulent altar of Gozag.
 64358 | Vaults:1 | Bought a steaming scimitar for 900 gold pieces
 64358 | Vaults:1 | Identified the +6 scimitar "Qouniz" {vorpal, +Blink Str+3
                  | Int+3} (You bought it in a shop on level 1 of the Vaults)
 64380 | Vaults:1 | Bought a masterwork chain mail for 950 gold pieces
 64380 | Vaults:1 | Identified the +0 chain mail of Dogmatism {Regen+ Str+4}
                  | (You bought it in a shop on level 1 of the Vaults)
 64769 | Vaults:1 | You fall into a shaft and drop 1 floor!
 64877 | Vaults:1 | Reached skill level 5 in Long Blades
 65065 | Vaults:1 | Noticed Nikola
 65082 | Vaults:1 | Killed Nikola
 65246 | Vaults:1 | Found a portal to a secret trove of treasure.
 65548 | Orc:2    | Bought a potion of haste for 170 gold pieces
 66645 | Vaults:2 | Paralysed by a great orb of eyes for 4 turns
 66758 | Vaults:2 | Paralysed by a great orb of eyes for 5 turns
 66980 | Vaults:2 | Noticed Xtahua
 66983 | Vaults:2 | Paralysed by Xtahua for 3 turns
 66987 | Vaults:2 | Killed Xtahua
 67126 | Vaults:2 | Found a staircase to the Crypt.
 67126 | Vaults:2 | Found a basalt altar of Yredelemnul.
 67127 | Vaults:2 | Found an ancient bone altar of Kikubaaqudgha.
 67201 | Vaults:2 | Noticed Frederick
 67209 | Vaults:2 | Killed Frederick
 67653 | Vaults:2 | Reached XP level 22. HP: 200/202 MP: 24/43
 68697 | Vaults:3 | Paralysed by a sphinx for 7 turns
 72648 | Vaults:4 | Found Luveen's Magic Scroll Shoppe.
 72657 | Vaults:4 | Bought a scroll of teleportation for 45 gold pieces
 72657 | Vaults:4 | Bought a scroll of teleportation for 45 gold pieces
 72657 | Vaults:4 | Bought a scroll of enchant armour for 112 gold pieces
 72657 | Vaults:4 | Bought a scroll of summoning for 142 gold pieces
 73082 | Depths:1 | Entered Level 1 of the Depths
 73111 | Depths:1 | Found a one-way gateway to a ziggurat.
 73692 | Depths:1 | Found a snail-covered altar of Cheibriados.
 73892 | Depths:1 | Found a transporter.
 73898 | Depths:1 | Noticed an ancient lich
 73898 | Depths:1 | Noticed Anipyoj's ghost (veteran HuFi)
 73898 | Depths:1 | Identified the +8 tower shield of Vehumet's Condemnation
                  | {rF+ Int+3}
 73905 | Depths:1 | Found a one-way gate to the infinite horrors of the Abyss.
 73967 | Depths:1 | Identified the ring of Hialenk {rC+ rCorr Str-2 Slay+4
                  | Stlth+}
 73981 | Depths:1 | Found a transporter.
 74182 | Depths:2 | Found a blossoming altar of Fedhas.
 74654 | Depths:2 | Found Kinon's Changing Room.
 74756 | Depths:2 | Reached skill level 10 in Long Blades
 74781 | Depths:2 | Reached XP level 23. HP: 195/215 MP: 12/44
 74784 | Depths:2 | Noticed Saint Roka
 74797 | Depths:2 | Killed Saint Roka
 75202 | Depths:2 | Found a one-way gate leading to the halls of Pandemonium.
 75462 | Depths:2 | Reached skill level 15 in Armour
 76181 | Depths:2 | Found a runed translucent gate.
 76181 | Depths:2 | Found a runed translucent gate.
 76181 | Depths:2 | Found a runed translucent gate.
 76182 | Depths:2 | Noticed a juggernaut
 76185 | Depths:2 | Noticed a golden dragon
 76211 | Depths:2 | Killed a golden dragon
 76213 | Depths:2 | Killed a juggernaut
 76232 | Depths:2 | Found a runed translucent gate.
 76232 | Depths:2 | Found a runed translucent gate.
 76232 | Depths:2 | Found a runed translucent gate.
 76239 | Depths:2 | Got the Guide on Blistering Poisoning
 76485 | Depths:3 | Noticed a golden dragon
 76493 | Depths:3 | Killed a golden dragon
 76625 | Depths:3 | Noticed a golden dragon
 76650 | Depths:3 | Killed a golden dragon
 76748 | Depths:3 | Found a transporter.
 76891 | Depths:3 | Reached skill level 5 in Evocations
 76891 | Depths:3 | Reached XP level 24. HP: 225/225 MP: 44/44
 78456 | Depths:3 | Found a transporter.
 79200 | Depths:3 | Noticed a caustic shrike
 79202 | Depths:3 | Noticed a juggernaut
 79220 | Depths:3 | Killed a caustic shrike
 79535 | Depths:3 | Killed a juggernaut
 79767 | Depths:3 | Identified the +3 war axe "Hellblazer" {drain, rCorr Int+4}
 79776 | Depths:3 | Identified the ring "Busecaonka" {Fire rElec Will+ rCorr
                  | Dex-4}
 79785 | Depths:3 | Identified the ring "Xairph" {rC++ Will+ Str+2 Dex-4}
 79793 | Depths:3 | Got the Grimoire of Torrid Clay
 79819 | Depths:4 | Entered Level 4 of the Depths
 80415 | Depths:4 | Noticed a juggernaut
 80450 | Depths:4 | Killed a juggernaut
 80459 | Depths:4 | Reached skill level 27 in Fighting
 80611 | Depths:4 | Identified the +7 hunting sling "Pendulum" {flame, rElec
                  | Dex+4}
 80650 | Depths:4 | Reached XP level 25. HP: 231/234 MP: 22/44
 80866 | Depths:4 | Reached skill level 27 in Summonings
 81123 | Depths:4 | Identified the +16 plate armour of Ovai {rN+ Int+3 Slay+6}
 81387 | Depths:4 | Found a gate to the Realm of Zot.
 81978 | Slime:1  | Entered Level 1 of the Pits of Slime
 81981 | Slime:1  | Gained mutation: You are occasionally teleported next to
                  | monsters. [a shining eye]
 81983 | Slime:1  | Gained mutation: You sometimes lose the ability to read
                  | scrolls when taking damage. [a shining eye]
 82751 | Slime:3  | Gained mutation: You do not regenerate when monsters are
                  | visible. [a shining eye]
 82761 | Slime:3  | Lost mutation: You are dopey. (Int -2) [a shining eye]
 83315 | Slime:4  | Noticed Dissolution
 83320 | Slime:4  | Gained mutation: Armour fits poorly on your strangely
                  | shaped body. [a shining eye]
 83329 | Slime:4  | Paralysed by a floating eye for 4 turns
 83333 | Slime:4  | Killed Dissolution
 83815 | Slime:4  | Found a viscous altar of Jiyva.
 84339 | Slime:5  | Entered Level 5 of the Pits of Slime
 84456 | Slime:5  | Found a viscous altar of Jiyva.
 84457 | Slime:5  | Noticed the Royal Jelly
 84503 | Slime:5  | Killed the Royal Jelly
 85044 | Slime:5  | Got a slimy rune of Zot
 85067 | Slime:5  | Identified the +1 chain mail "Ujoh" {Str+3}
 85087 | Slime:5  | Identified the +0 robe "Dob Foum" {-Cast rElec Will+
                  | Slay+2}
 85116 | Slime:5  | Identified the +3 robe of Sorcery {Will+}
 85155 | Slime:5  | Identified the amulet "Ryanued" {Spirit rPois Dex+2}
 85917 | Vaults:1 | You paid a toll of 9 potions of haste to enter a treasure
                  | trove
 85918 | Trove    | Entered a treasure trove
 85928 | Trove    | Identified the +0 pair of boots of Misanthropy {-Cast rC++
                  | rCorr SInv}
 85930 | Trove    | Identified the amulet "Gesutaum" {rPois rF- rN+ Regen+
                  | MP+9}
 85936 | Trove    | Identified the ring of Midsummer {Fire +Blink rPois rN+++
                  | Int-5}
 85940 | Trove    | Identified the +9 halberd "Sayfiech" {vorpal, Will+ Int+5}
 85983 | Vaults:1 | Lost mutation: You do not regenerate when monsters are
                  | visible. [potion of mutation]
 85983 | Vaults:1 | Lost mutation: You sometimes lose the ability to read
                  | scrolls when taking damage. [potion of mutation]
 85983 | Vaults:1 | Gained mutation: You sometimes lose the ability to read
                  | scrolls when taking damage. [potion of mutation]
 85983 | Vaults:1 | Gained mutation: You have a pair of small antennae on your
                  | head. [potion of mutation]
 85984 | Vaults:1 | Lost mutation: Armour fits poorly on your strangely shaped
                  | body. [potion of mutation]
 85984 | Vaults:1 | Lost mutation: You have a pair of small antennae on your
                  | head. [potion of mutation]
 85984 | Vaults:1 | Lost mutation: You sometimes lose the ability to read
                  | scrolls when taking damage. [potion of mutation]
 85984 | Vaults:1 | Gained mutation: You have a pair of small horns on your
                  | head. [potion of mutation]
 85984 | Vaults:1 | Gained mutation: You have a pair of horns on your head.
                  | [potion of mutation]
 85985 | Vaults:1 | Lost mutation: You are occasionally teleported next to
                  | monsters. [potion of mutation]
 85985 | Vaults:1 | Lost mutation: You are clumsy. (Dex -2) [potion of
                  | mutation]
 85985 | Vaults:1 | Gained mutation: Your spells are a little harder to cast,
                  | but a little more powerful. [potion of mutation]
 85985 | Vaults:1 | Gained mutation: Your mind is acute. (Int +2) [potion of
                  | mutation]
 85985 | Vaults:1 | Gained mutation: You are weak. (Str -2) [potion of
                  | mutation]
 85985 | Vaults:1 | Gained mutation: Your system is resistant to poisons.
                  | (rPois) [potion of mutation]
 85986 | Vaults:1 | Lost mutation: You are weak. (Str -2) [potion of mutation]
 85986 | Vaults:1 | Lost mutation: Your spells are a little harder to cast, but
                  | a little more powerful. [potion of mutation]
 85986 | Vaults:1 | Lost mutation: Your system is resistant to poisons. (rPois)
                  | [potion of mutation]
 85986 | Vaults:1 | Gained mutation: You are partially covered in iridescent
                  | scales. (AC +2) [potion of mutation]
 85986 | Vaults:1 | Gained mutation: You are agile. (Dex +2) [potion of
                  | mutation]
 86163 | Vaults:5 | Entered Level 5 of the Vaults
 86199 | Vaults:5 | Reached XP level 26. HP: 126/242 MP: 32/46
 86261 | Vaults:5 | Got the Incunabulum of the Supportive Snowflakes
 86741 | Vaults:5 | Noticed a dread lich
 86745 | Vaults:5 | Identified the +1 scimitar of Currency {distort, rPois rN+
                  | Stlth-}
 86750 | Vaults:5 | Killed a dread lich
 86762 | Vaults:5 | Cast into level 3 of the Abyss (ghostly vault guard)
 86837 | Abyss:3  | Paralysed by accursed screaming for 1 turns
 87167 | Vaults:5 | Escaped the Abyss
 87196 | Vaults:5 | Identified the +4 scale mail "Jooth" {Harm rPois Dex+2}
 87200 | Vaults:5 | Identified the +6 falchion of Ugupt {vorpal, rPois}
 87201 | Vaults:5 | Noticed a dread lich
 87360 | Vaults:4 | Killed a dread lich
 88401 | Vaults:5 | Learned a level 7 spell: Monstrous Menagerie
 88669 | Vaults:5 | Acquired a +2 pair of boots of flying
 89186 | Vaults:5 | Got a silver rune of Zot
 89319 | Vaults:5 | Identified the +6 dagger "Biadyhem" {vamp, rC+ Int+5}
 89788 | Zot:1    | Entered Level 1 of the Realm of Zot
 89820 | Depths:4 | Reached XP level 27. HP: 60/249 MP: 29/47
 91583 | Zot:1    | Reached skill level 15 in Long Blades
 93871 | Zot:3    | Identified the +5 battleaxe of Dust {vorpal, rN+ Str-3
                  | Stlth+}
 94828 | Zot:4    | Identified the +0 robe of Mirth {Rampage rF+ rN++ Str-5}
 95520 | Zot:5    | Entered Level 5 of the Realm of Zot
 96199 | Zot:5    | Noticed an orb of fire
 96219 | Zot:5    | Lost mutation: Your mind is acute. (Int +2) [an orb of
                  | fire]
 96227 | Zot:5    | Killed an orb of fire
 96403 | Zot:5    | Noticed an orb of fire
 96413 | Zot:5    | Gained mutation: You expend magic power (3 MP) to
                  | strengthen your wands. [an orb of fire]
 96415 | Zot:5    | Killed an orb of fire
 96479 | Zot:5    | Noticed a dread lich
 96508 | Zot:5    | Killed a dread lich
 96687 | Zot:5    | Noticed an orb of fire
 96703 | Zot:5    | Gained mutation: Your body sometimes deteriorates upon
                  | taking damage. [an orb of fire]
 96712 | Zot:5    | Gained mutation: You occasionally shout uncontrollably at
                  | your foes. [an orb of fire]
 96717 | Zot:5    | Gained mutation: You are frail. (-10% HP) [an orb of fire]
 96725 | Zot:5    | Lost mutation: You are agile. (Dex +2) [an orb of fire]
 96727 | Zot:5    | Gained mutation: You sometimes lose the ability to read
                  | scrolls when taking damage. [an orb of fire]
 96729 | Zot:5    | HP: 1/224 [orb of fire/fireball (28)]
 96733 | Zot:4    | Gained mutation: You are clumsy. (Dex -2) [an orb of fire]
 96734 | Zot:4    | HP: 2/224 [orb of fire/bolt of fire (11)]
 96734 | Zot:4    | Killed from afar by an orb of fire

Illustrated notes

Levels and vault maps discovered:
D:1:      zelgadis_glass_arrival_small, layout_basic
D:2:      layout_basic, basic_ecumenical_altar
D:3:      layout_basic, grunt_decor_arrowhead, minmay_misc_feat_five,
          lexackson_kobold_supper, uniq_ijyb
D:4:      layout_basic, minmay_temple_entry_gardened_gates,
          hellmonk_ghost_happy_afterlife, chequers_serial_rivers_micro_b
D:5:      layout_gridville, portal_sewer_entry_e
D:6:      minmay_octagon_keep, layout_cave_pools, ebering_ghost_rock_garden
D:7:      layout_basic, minmay_crystal_room, uniq_prince_ribbit1
D:8:      layout_loops_ring, special_room [special_room_orc]
D:9:      layout_basic, mainiacjoe_overflow_brackets, hiddenorc1_lemuel,
          serial_shops, nicolae_shop_statue_plus, uniq_joseph
D:10:     layout_rooms, corexii_hall_statues_u,
          hellmonk_guarded_unrand_gyre_and_gimble
D:11:     layout_rooms, david_lair_generic,
          portal_ice_cave_entry_animals_and_master, serial_shops,
          nicolae_shop_statue_plus, tgw_xom
D:12:     layout_roguey, drop_trap, lemuel_flamethrower_2, uniq_nessos,
          uniq_frances
D:13:     layout_long_grid, ebering_ghost_reflecting_pool,
          gauntlet_entry_generic, minmay_crystal_water, minmay_misc_feat_x
D:14:     layout_long_grid, skrybe_vaults_entry_preservation,
          nicolae_concentric_dashed_squares_mild, special_room
          [special_room_orc], uniq_agnes
D:15:     gammafunk_enter_depths_forms, layout_gridville, kennysheep_doodads,
          serial_shops, nicolae_shop_trees, nicolae_square_shop,
          nicolae_square_shop
Temple:   roderic_octagonal_lattice_temple
Lair:1:   layout_regular_city
Lair:2:   layout_roguey, spider_nest_entry_web_field, serial_bayou_shore_b
Lair:3:   layout_loops_ring, minmay_lindwurm_lava, lemuel_fruit_fields
Lair:4:   layout_regular_city, minmay_swamp_entry_reptiles, nzn_ghost_randoct,
          eino_small_chamber_without_monster, nicolae_lair_run_with_the_wolves,
          grunt_megastairs_5
Lair:5:   layout_regular_city, infiniplex_staircase_pool, serial_bayou_shore_b,
          grunt_megastairs_3, serial_bayou_shore_b, serial_bayou_shore_a
Lair:6:   evil_forest, layout_regular_city, nicolae_slime_entry_slimehenge,
          serial_forest, infiniplex_forest_clump_long,
          infiniplex_forest_corner_2, infiniplex_forest_straight_4,
          infiniplex_forest_lined_3, infiniplex_forest_lined_2,
          infiniplex_forest_lined_ring, infiniplex_forest_clump_double
Swamp:1:  layout_falls_marsh, hangedman_swamp_ruin_wall, swamp_pool5,
          nicolae_swamp_nymph_family_reunion, uniq_aizul
Swamp:2:  gammafunk_worm_tunnel, layout_basic_swamp,
          evilmike_swamp_ruin_house_3, uniq_jorgrun
Swamp:3:  nzn_winding_woodlands_medium [nzn_winding_woodlands_5x5_three,
          nzn_winding_woodlands_5x15_parted,
          nzn_winding_woodlands_5x5_closed_star,
          nzn_winding_woodlands_5x5_cross, nzn_winding_woodlands_center_lodge,
          nzn_winding_woodlands_5x5_perimeter,
          nzn_winding_woodlands_5x5_open_star,
          nzn_winding_woodlands_5x15_sawtooth,
          nzn_winding_woodlands_5x5_default], layout_basic_swamp,
          evilmike_swamp_ruin_house_2, uniq_mara
Swamp:4:  swamp_basic_johnstein, layout_basic_swamp
Spider:1: layout_spider_delve, drop_trap, uniq_josephine
Spider:2: layout_cave_pods, hangedman_spider_tarantella_strand, uniq_louise
Spider:3: layout_spider_delve, drop_trap
Spider:4: guppyfry_spider_rune
Slime:1:  nicolae_slime_jelly_donut, layout_caves
Slime:2:  layout_caves, basic_altar
Slime:3:  layout_caves
Slime:4:  layout_caves, basic_altar, dissolution_awaits
Slime:5
Orc:1:    orc_temple, layout_caves, gammafunk_ghost_necromancy, serial_shops,
          nicolae_shop_statue_plus, uniq_nergalle
Orc:2:    st_orc_town, layout_diamond_mine, serial_shops,
          nicolae_shop_waterfront, uniq_erolcha
Elf:1:    minmay_elf_arrival_summoners, layout_geoelf_diagonals, serial_shops,
          nicolae_shop_overgrown_old_shop, hangedman_elf_disciples
Elf:2:    elven_hall_of_blades_hangedman_original
          [nicolae_blade_entry_floor_patterns], layout_loops_ring,
          lemuel_elevator
Elf:3:    elf_hall, layout_geoelf_castle, serial_shops, nicolae_shop_crystal,
          nicolae_shop_sticking_my_neck_out
Vaults:1: vaults_room_large_hall, vaults_dpeg_encased_lava,
          hangedman_vaults_locks, nicolae_vaults_ring_of_whatevers, v_misc_14,
          hangedman_vaults_pinch, kennysheep_vaults_gozag_temple,
          vaults_mumra_hex, vaults_dpeg_ring, layout_vaults_omnicross,
          enter_trove_3, uniq_nikola
Vaults:2: vaults_mumra_hexcomb, nicolae_vaults_ring_of_whatevers,
          dpeg_vaults_monster_box, hangedman_vaults_capsules,
          minmay_crypt_entry_necro_gods, vaults_dpeg_hooks,
          nicolae_vaults_theta, kb_rosetta, hangedman_vaults_stagger,
          nicolae_vaults_three_branches, v_misc_9, layout_vaults_omnigrid,
          uniq_frederick, uniq_xtahua
Vaults:3: v_misc_27, ontoclasm_vaults_twist, st_cross, v_misc_30,
          nicolae_vaults_network_square, grunt_vaults_funnel,
          ontoclasm_vaults_ring_small, dpeg_vaults_monster_row,
          ontoclasm_vaults_decontamination, layout_vaults_chaotic_city
Vaults:4: v_misc_16, v_rooms_1, nicolae_vaults_halls_meeting,
          ontoclasm_vaults_loading_screen, v_misc_11, v_alt_pattern_4,
          ontoclasm_vaults_fault, vaults_room_semicircle, v_alt_pattern_6,
          nicolae_vaults_circle_grid_a, vaults_mumra_minichess,
          vaults_mumra_lcd, v_misc_13, v_misc_15, layout_vaults_maze_bifur,
          serial_shops, nicolae_lakefront_shop
Vaults:5
Depths:1: layout_roguey, enter_ziggurat_d, gammafunk_ghost_abyssal_escape,
          hell_entry, hangedman_decor_riveting, minmay_misc_feat_columns,
          chei_slow_surprise, firewood_loft
Depths:2: kennysheep_treasure_stockpile, layout_cave_pools, skrybe_limestone_x,
          grunt_mini_vestibule, grunt_pan_entry_in_and_out,
          nicolae_transmutations_shop, fedhas_altar_1, uniq_saint_roka
Depths:3: gammafunk_dig_for_victory, layout_basic, hangedman_abyss_entry_splay,
          hangedman_geh_valley, pan_entry, serial_rivers,
          chequers_serial_rivers_small_a, chequers_serial_rivers_micro_c,
          chequers_serial_rivers_micro_d, chequers_serial_rivers_small_a,
          chequers_serial_rivers_small_b, grunt_decor_resistance,
          nrook_pool_corridor, kennysheep_two_boxes,
          minmay_staircase_windowed_large
Depths:4: grunt_zot_entry_gee_three, layout_gridlike, hell_entry
Zot:1:    hangedman_snap_crack_crunch, layout_concentric_octagons
Zot:2:    layout_concentric_octagons
Zot:3:    layout_concentric_octagons, grunt_megastairs_2
Zot:4:    layout_onion_interference
Zot:5:    layout_gridlike

Skill      XL: |  1  2  3  4  5  6  7  8  9 10 11 12 13 14 15 16 17 18 19 20 21 22 23 24 25 26 27 |
---------------+----------------------------------------------------------------------------------+-----
Summonings     | 5 6 7 8 9 10 12 14 16 18 19 21 22 23 24 25 26 27 | 27.0
Fighting       | 1 2 3 4 5 6 8 9 11 12 13 15 16 18 19 20 21 22 24 25 26 27 | 27.0
Spellcasting   | 3 4 5 6 8 9 10 11 12 13 14 15 16 17 19 20 21 | 21.8
Shields        | 4 7 8 10 12 14 15 16 17 18 21 23 | 23.4
Armour         | 3 8 11 13 14 15 16 17 18 20 | 20.8
Long Blades    | 7 10 11 12 14 17 | 17.1
Evocations     | 5 6 7 |  7.7
Dodging        | |  2.1
Stealth        | |  1.7

Action                   |  1- 3 |  4- 6 |  7- 9 | 10-12 | 13-15 | 16-18 | 19-21 | 22-24 | 25-27 || total
-------------------------+-------+-------+-------+-------+-------+-------+-------+-------+-------++-------
Melee: Dagger            |    22 |       |       |       |       |       |       |       |       ||    22
       Unarmed           |     1 |       |       |       |       |       |       |       |       ||     1
       Whip              |     5 |    47 |    50 |     8 |       |       |       |       |       ||   110
       Shillelagh        |       |    21 |       |     2 |     5 |       |       |       |       ||    28
       Punch             |       |     1 |     2 |       |       |     2 |       |       |       ||     5
       Long sword        |       |       |       |    26 |     4 |       |   243 |   470 |  1421 ||  2164
       Pair of quick bla |       |       |       |   188 |   573 |    17 |       |       |       ||   778
       Hand axe          |       |       |       |       |     3 |    82 |       |       |       ||    85
       Mace              |       |       |       |       |       |   462 |   102 |       |       ||   564
       Headbutt          |       |       |       |       |       |       |       |       |   411 ||   411
Throw: Dart              |       |       |     1 |     8 |     5 |     2 |    24 |       |       ||    40
 Cast: Summon Small Mamm |    35 |    55 |    45 |    22 |    12 |    14 |     7 |       |     2 ||   192
       Call Imp          |    13 |    25 |    21 |    14 |    23 |    19 |     8 |     1 |       ||   124
       Call Canine Famil |       |    32 |    22 |    37 |    81 |    77 |    32 |       |       ||   281
       Summon Guardian G |       |       |    19 |    30 |    38 |    38 |    28 |     2 |     1 ||   156
       Summon Lightning  |       |       |       |    45 |    81 |   158 |   101 |    18 |    19 ||   422
       Summon Forest     |       |       |       |     5 |    50 |    40 |    35 |    10 |     6 ||   146
       Animate Armour    |       |       |       |       |    13 |   184 |   123 |    47 |    36 ||   403
       Blink             |       |       |       |       |       |     5 |       |    11 |       ||    16
       Summon Cactus Gia |       |       |       |       |       |       |    46 |    46 |    40 ||   132
       Summon Horrible T |       |       |       |       |       |       |    30 |    45 |    91 ||   166
       Summon Mana Viper |       |       |       |       |       |       |     6 |     1 |     1 ||     8
       Monstrous Menager |       |       |       |       |       |       |       |       |    56 ||    56
 Abil: Hop               |     3 |     3 |     4 |    12 |    22 |    29 |    17 |    13 |    16 ||   119
Evoke: Wand              |       |       |       |     2 |       |       |       |     7 |       ||     9
       Box of beasts     |       |       |       |       |       |       |       |       |     1 ||     1
       Lightning rod     |       |       |       |       |       |       |       |       |     1 ||     1
  Use: Scroll            |     5 |     3 |     9 |     9 |    12 |    20 |     8 |     8 |    16 ||    90
       Potion            |       |       |     1 |       |     5 |    18 |     2 |     8 |    17 ||    51
 Stab: Sleeping          |     2 |       |       |       |     4 |       |       |       |       ||     6
       Distracted        |       |     2 |       |     1 |    20 |    14 |     7 |     4 |    15 ||    63
       Invisible         |       |       |       |       |       |       |       |       |     2 ||     2
       Paralysed         |       |       |       |       |       |       |       |       |     1 ||     1
Armor: Robe              |    32 |    19 |    10 |    37 |       |       |       |       |       ||    98
       Leather armour    |       |       |       |    24 |       |       |       |       |       ||    24
       Scale mail        |       |       |       |    40 |   293 |       |       |       |       ||   333
       Plate armour      |       |       |       |       |    86 |  1025 |   339 |   340 |   743 ||  2533
Dodge: Dodged            |    65 |    79 |    47 |   239 |   411 |   368 |   117 |   155 |   375 ||  1856
Block: Other             |       |       |       |       |    61 |    68 |       |       |       ||   129
       Reflection        |       |       |       |       |     2 |    38 |    79 |    46 |    12 ||   177
       Kite shield       |       |       |       |       |       |   968 |   542 |   714 |   704 ||  2928
       Tower shield      |       |       |       |       |       |       |       |       |  1080 ||  1080
